 Dungeon Crawl Stone Soup version 0.25-a0-565-g8875c97ebb (webtiles) character file.

Game seed: 10922225595634661628, levelgen mode: deterministic

7389 Flugslaktarn the Cleaver (level 10, -1/94 HPs)
             Began as a Deep Dwarf Fighter on Feb 26, 2020.
             Was a Priest of Makhleb.
             Slain by an orc warrior
             ... wielding a +0 trident
              (5 damage)
             ... on level 9 of the Dungeon.
             The game lasted 00:05:06 (5473 turns).

Flugslaktarn the Cleaver (Deep Dwarf Fighter)       Turns: 5473, Time: 00:05:06

Health: -1/94      AC: 14    Str: 23    XL:     10   Next: 92%
Magic:  0/0        EV:  5    Int: 13    God:    Makhleb [***...]
Gold:   414        SH: 11    Dex: 12    Spells: 9/9 levels left

rFire    + . .     SeeInvis .   a - +1 war axe (flame)
rCold    + . .     Gourm    .   c - +0 kite shield
rNeg     . . .     Faith    .   C - +1 plate armour
rPois    .         Spirit   .   (no helmet)
rElec    .         Reflect  .   (no cloak)
rCorr    .         Harm     .   (no gloves)
MR       +....                  (no boots)
Stlth    ..........             (no amulet)
HPRegen  0.00/turn              f - ring of attention
MPRegen  0.07/turn              B - ring "Fisov" {rF+ rC+ Int+4}

@: non-regenerating, heavily drained
A: damage resistance, heal wounds, sense surroundings 2, no regeneration
a: Heal Wounds, Minor Destruction, Lesser Servant of Makhleb, Renounce Religion


You were on level 9 of the Dungeon.
You worshipped Makhleb.
Makhleb was most pleased with you.
You were not hungry.

You visited 2 branches of the dungeon, and saw 10 of its levels.

You collected 414 gold pieces.

Inventory:

Hand Weapons
 a - a +1 war axe of flaming (weapon)
Armour
 c - a +0 kite shield (worn)
 C - a +1 plate armour (worn)
   (You took it off an orc warrior on level 8 of the Dungeon)
Jewellery
 f - a ring of attention (left hand)
   (You found it on level 8 of the Dungeon)
 B - the ring "Fisov" (right hand) {rF+ rC+ Int+4}
   (You found it on level 8 of the Dungeon)

   [ring of protection from fire]

   It affects your intelligence (+4).
   It protects you from fire.
   It protects you from cold.
Scrolls
 i - a scroll of fear {unknown}
 r - 2 scrolls of identify
 s - a scroll of enchant weapon
 t - 5 scrolls of teleportation
 v - 2 scrolls of magic mapping
 w - a scroll of remove curse
 z - a scroll of blinking
Potions
 d - a potion of might
 g - a potion of lignification
 h - a potion of haste
 j - 2 potions of brilliance
 k - 2 potions of degeneration {unknown}
 l - 2 potions of stabbing {unknown}
 m - 3 potions of heal wounds
 q - 3 potions of curing
 x - a potion of magic {unknown}
 A - a potion of flight {unknown}
Comestibles
 b - 9 chunks of flesh
 e - 16 rations


   Skills:
 + Level 7.0(5.7) Fighting
 * Level 11.1(9.7) Axes
 + Level 8.6(7.2) Armour
 + Level 8.4(7.1) Shields
 + Level 7.2(5.9) Invocations


You had 9 spell levels left.
You didn't know any spells.
Your spell library was empty.

Dungeon Overview and Level Annotations

Branches:
Dungeon (9/15)             Temple (1/1) D:6             Orc (0/2) D:9
   Lair: D:8-11

Altars:
Ashenzari
Dithmenos
Elyvilon
Fedhas
Gozag
Hepliaklqana
Kikubaaqudgha
Makhleb
Okawaru
Qazlal
Ru
Sif Muna
Trog
Uskayaw
Vehumet
Yredelemnul
Zin
The Shining One

Shops:
D:7 [


Innate Abilities, Weirdness & Mutations

You are resistant to damage.
You can heal yourself by infusing magical energy.
You passively map the area around you.
You do not regenerate.


Message History

Reactivating autopickup.
You block the sky beast's attack.
You barely miss the sky beast.
The sky beast is severely wounded.
You barely miss the black bear. You slash the orc! You burn the orc.
You kill the orc!
Makhleb accepts your kill.
The black bear bites you but does no damage.
The black bear claws you but does no damage.
The black bear claws you.
The orc warrior hits you from afar with a +0 trident!
* * * LOW HITPOINT WARNING * * *
The orc closely misses you.
The sky beast flickers out of sight!
Deactivating autopickup; reactivate with Ctrl-A.
Something hits you but does no damage.
The black bear bites you but does no damage.
You block the black bear's attack. x2
You miss something. You hit the black bear. You burn the black bear.
The orc warrior hits you from afar with a +0 trident!
You die...

*,,,,,...,,*#>................
*,,,,,....,##+#####.#########.
****,,,,,.)..,#........##...####.
,,,,,,,,,.....#..................
*****,,,,.....#........##...####.
***,,,,..............##...# #.
*,,,,,,.....o.o......##..)####.
*,*****.......h.............##.
*,*,,,,......(@......##...#.###
*,*,***.......{......##...#####
*,*,*,,#.#..........##.....###.
*,*,,,,#,#..........#.......+..
*,****,*,#..........#..#.#..#..
*,****,*,#.....######.##.##.#.#
*,,,,,,,,#.#.#..,,,,#.#..)#.#.#
********,**#.#.#..,,,,#,#...#.#.#
,,,,,*,,,*,,,,,*,,,,,,#.##รท##[#.#


You could see an orc warrior, a black bear and an orc.

Vanquished Creatures
  A two-headed ogre (D:8)
  Maggie (D:9)
  2 polar bears (D:8)
  4 hippogriffs
  2 yaks (D:8)
  3 hungry ghosts
  2 water moccasins
  A warg (D:9)
  9 orc warriors
  A black bear (D:6)
  3 ice beasts
  2 sky beasts
  4 ogres
  A phantom (D:7)
  A wolf (D:8)
  A crocodile (D:8)
  6 bullfrogs
  2 scorpions
  A hornet simulacrum (D:8)
  2 electric eels (D:8)
  2 crimson imps
  A quasit (D:6)
  9 jellies
  A bullfrog zombie (D:9)
  A hound (D:4)
  3 bullfrog skeletons
  8 orc priests
  A centaur skeleton (D:4)
  Jessica (D:2)
  13 orc wizards
  2 iguanas
  12 worker ants
  A hound skeleton (D:4)
  5 adders
  5 shadow imps
  A white imp (D:8)
  6 oozes
  An adder skeleton (D:4)
  3 dart slugs
  A leopard gecko (D:1)
  54 orcs
  2 giant cockroaches
  2 goblins (D:2)
  5 hobgoblins
  6 jackals (D:4)
  4 quokkas
  A bat (D:2)
  3 frilled lizards
  A jackal zombie (D:6)
  2 kobolds (D:2)
  A leopard gecko skeleton (D:6)
  A leopard gecko zombie (D:5)
  2 rats
210 creatures vanquished.

Notes
Turn   | Place    | Note
-------+----------+-------------------------------------------
     0 | D:1      | Flugslaktarn the Deep Dwarf Fighter began the quest for the
                  | Orb.
     0 | D:1      | Reached XP level 1. HP: 20/20 MP: 1/1
    76 | D:2      | Noticed an ogre
    83 | D:2      | Killed an ogre
    83 | D:2      | Reached skill level 3 in Axes
    83 | D:2      | Reached XP level 2. HP: 23/28 MP: 2/2
    83 | D:2      | Reached XP level 3. HP: 28/34 MP: 3/3
    83 | D:2      | Reached XP level 4. HP: 35/42 MP: 4/4
   123 | D:2      | Noticed Jessica
   130 | D:2      | Killed Jessica
   318 | D:5      | Entered Level 5 of the Dungeon
   403 | D:4      | Found a shimmering blue altar of Sif Muna.
   430 | D:4      | Reached skill level 4 in Axes
   430 | D:4      | Reached XP level 5. HP: 46/49 MP: 4/4
   603 | D:4      | Reached XP level 6. HP: 49/57 MP: 5/5
   719 | D:4      | Reached skill level 5 in Axes
  1163 | D:5      | Reached XP level 7. HP: 60/64 MP: 5/5
  1360 | D:5      | Reached skill level 5 in Shields
  1473 | D:5      | Reached skill level 5 in Armour
  1507 | D:5      | Reached skill level 6 in Axes
  1917 | D:6      | Noticed a hippogriff
  1932 | D:6      | Killed a hippogriff
  1932 | D:6      | Reached XP level 8. HP: 49/73 MP: 6/6
  1956 | D:6      | Found a staircase to the Ecumenical Temple.
  1988 | Temple   | Entered the Ecumenical Temple
  2147 | Temple   | Became a worshipper of Makhleb the Destroyer
  2224 | D:6      | Reached skill level 7 in Axes
  2224 | D:6      | Reached skill level 1 in Invocations
  2304 | D:6      | Reached skill level 5 in Fighting
  2474 | D:6      | Reached skill level 8 in Axes
  2661 | D:6      | Gained mutation: You passively map the area around you.
                  | [Deep Dwarf growth]
  2661 | D:6      | Reached XP level 9. HP: 55/81 MP: 9/9
  2816 | D:6      | Found a glowing silver altar of Zin.
  3031 | D:7      | Found a shadowy altar of Dithmenos.
  3172 | D:7      | Reached * piety under Makhleb
  3260 | D:7      | Found Ahisikh's Armour Shop.
  3266 | D:7      | Reached skill level 9 in Axes
  3759 | D:8      | Noticed a polar bear
  3781 | D:8      | Killed a polar bear
  3781 | D:8      | Reached skill level 5 in Invocations
  3833 | D:8      | HP: 4/82 [electric eel/bolt of electricity (10)]
  3988 | D:8      | Reached XP level 10. HP: 40/91 MP: 8/8
  4121 | D:8      | Reached skill level 10 in Axes
  4214 | D:8      | Got a vibrating amber ring
  4339 | D:8      | Reached ** piety under Makhleb
  4460 | D:8      | Identified the ring "Fisov" {rF+ rC+ Int+4} (You found it
                  | on level 8 of the Dungeon)
  4501 | D:8      | Noticed a two-headed ogre
  4515 | D:8      | Killed a two-headed ogre
  4671 | D:8      | Found a stormy altar of Qazlal.
  5300 | D:9      | Found a staircase to the Orcish Mines.
  5351 | D:9      | Reached skill level 11 in Axes
  5379 | D:9      | Reached *** piety under Makhleb
  5395 | D:9      | Noticed Maggie
  5419 | D:9      | Killed Maggie
  5472 | D:9      | HP: 4/94 [orc warrior/+0 trident (10)]
  5473 | D:9      | Slain by an orc warrior

Levels and vault maps discovered:
D:1:      roderic_crossed_star, layout_basic, evilmike_ruin_ashenzari
D:2:      layout_rooms, uniq_jessica
D:3:      layout_loops_ring, uniq_robin
D:4:      layout_gridville, old_standard_altar, first_ration
D:5:      layout_basic
D:6:      layout_rooms, kennysheep_mini, minmay_temple_entry_butterflies,
          grunt_decor_clamped, minmay_misc_feat_rugged
D:7:      layout_loops_corners, nicolae_dithmenos_the_darkroom, serial_shops,
          nicolae_shop_crystal
D:8:      layout_loops_corners, nicolae_qazlal_style_of_elements, special_room
          [special_room_orc], serial_ice, serial_ice_h, serial_ice_j,
          serial_ice_n, serial_ice_a, hangedman_little_slice_of_home
D:9:      layout_basic, david_orc_1_choice, uniq_maggie
Temple:   hc_temple_tempest_star

Skill      XL: |  1  2  3  4  5  6  7  8  9 10 |
---------------+-------------------------------+-----
Fighting       | 3 4 5 6 7 |  7.0
Axes           | 3 4 5 6 8 9 11 | 11.1
Armour         | 4 5 6 7 8 |  8.6
Shields        | 4 5 6 7 8 |  8.4
Invocations    | 3 5 7 |  7.2

Action                   |  1- 3 |  4- 6 |  7- 9 | 10-12 || total
-------------------------+-------+-------+-------+-------++-------
Melee: War axe           |    39 |   203 |   402 |   290 ||   934
 Abil: Heal Wounds       |       |     6 |    22 |    30 ||    58
  Use: Scroll            |       |       |       |    14 ||    14
       Potion            |       |       |       |     1 ||     1
  Eat: Chunk             |       |     1 |    15 |     7 ||    23
Armor: Scale mail        |    18 |   108 |   253 |    25 ||   404
       Plate armour      |       |       |       |    92 ||    92
Dodge: Dodged            |    15 |    70 |   180 |    91 ||   356
Block: Kite shield       |    28 |   113 |   267 |   200 ||   608

Table legend:
 A = Non-vault XP
 B = Vault XP
 C = Vault XP percentage of total XP
 D = Non-vault monster count
 E = Vault monster count
 F = Vault count percentage of total count
                 A         B        C        D         E       F
            +---------+---------+-------+---------+---------+-------
      Total |    7417 |    3139 |  29.7 |     163 |      47 |  22.4
            +---------+---------+-------+---------+---------+-------
        D:1 |       6 |       0 |   0.0 |       3 |       0 |   0.0
        D:2 |     140 |      37 |  20.9 |      14 |       1 |   6.7
        D:3 |       4 |       0 |   0.0 |       2 |       0 |   0.0
        D:4 |     494 |       0 |   0.0 |      34 |       0 |   0.0
        D:5 |     490 |       0 |   0.0 |      18 |       0 |   0.0
        D:6 |    1637 |       0 |   0.0 |      31 |       0 |   0.0
        D:7 |    1576 |       0 |   0.0 |      25 |       0 |   0.0
        D:8 |    1918 |    2075 |  52.0 |      19 |      36 |  65.5
        D:9 |    1152 |    1027 |  47.1 |      17 |      10 |  37.0
            +---------+---------+-------+---------+---------+-------
